 Dungeon Crawl Stone Soup version 0.30.1-11-g7821555f0a (webtiles) character file.

Game seed: 15563878540941930631

219 KittyFluff the Cudgeller (level 5, 0/51 HPs)
             Began as a Gargoyle Berserker on Nov 6, 2023.
             Was a Believer of Trog.
             Slain by Edmund
             ... wielding a +6 flail of protection
              (5 damage)
             ... on level 4 of the Dungeon.
             The game lasted 00:08:53 (2434 turns).

KittyFluff the Cudgeller (Gargoyle Berserker)       Turns: 2434, Time: 00:08:53

Health: 0/51       AC:  7    Str: 23    XL:     5   Next: 96%
Magic:  5/5        EV: 18    Int:  7    God:    Trog [**....]
Gold:   155        SH:  0    Dex:  9    Spells: 4/4 levels left

rFire   + + .        h - melded +2 mace (protect)
rCold   + + .        (shield currently unavailable)
rNeg    + + +        q - melded +0 leather armour {rF+}
rPois   ∞            (helmet currently unavailable)
rElec   +            (cloak currently unavailable)
rCorr   +            (gloves currently unavailable)
SInv    .            (boots currently unavailable)
Will    .....        (amulet currently unavailable) Stlth
                     (ring currently unavailable)
HPRegen 0.28/turn    (ring currently unavailable)
MPRegen 0.09/turn

%: no passive effects
@: berserking, wisp-form, flying, very quick
A: insubstantial, flying, no casting, sickness immunity, AC +4, tiny, negative
energy resistance 1, (electricity resistance), torment resistance 1,
petrification resistance
a: Renounce Religion, Berserk, Trog's Hand


You were on level 4 of the Dungeon.
You worshipped Trog.
Trog was pleased with you.
You were an insubstantial wisp.
You visited 1 branch of the dungeon, and saw 4 of its levels.

You collected 155 gold pieces.

Inventory:

Hand Weapons
 h - a +2 mace of protection (melded)
 p - a +2 sling of flaming
Missiles
 c - 4 javelins
 k - 15 poisoned darts (quivered)
Armour
 q - a +0 leather armour of fire resistance (melded)
Jewellery
 g - a ring of magical power
 n - an amulet of magic regeneration
Scrolls
 i - a scroll of blinking {unknown}
 l - 2 scrolls of identify {unknown}
 m - 2 scrolls of immolation {unknown}
Potions
 a - a potion of heal wounds {unknown}
 b - a potion of lignification {unknown}
 d - 2 potions of curing {unknown}
 e - a potion of attraction {unknown}
 f - 2 potions of haste
 j - a potion of experience {unknown}
 o - a potion of brilliance {unknown}


   Skills:
 + Level 4.3 Fighting
 * Level 4.6 Maces & Flails
 * Level 4.2 Armour
 - Level 1.8 Dodging


You had 4 spell levels left.
You didn't know any spells.
Your spell library was empty.

Dungeon Overview and Level Annotations

Branches:
Dungeon (4/15)
 Temple: D:4-7

Altars:

Annotations:
D:4 Edmund


Innate Abilities, Weirdness & Mutations

You are an insubstantial wisp.
Your tiny insubstantial body is highly resistant to most damage types.
You are flying.
Your equipment is entirely melded.
You are incapable of wielding weapons or throwing items.
You cannot cast spells.
You are immune to sickness and miasma.
((Your stone body is resilient. (AC +4)))
You are immune to poison.
You resist negative energy. (rN+)
((You are resistant to electric shocks. (rElec)))
You are resistant to unholy torment.
You are immune to petrification.


Message History

Your +0 leather armour of fire resistance melds into your body.
Your +2 mace of protection goes still.
You feel less resistant to fire.
Edmund hits you with a +6 flail of protection.
You touch Edmund.
Edmund is moderately wounded.
Edmund closely misses you.
You barely miss Edmund.
Edmund is moderately wounded.
Edmund hits you but does no damage.
You touch Edmund but do no damage.
Edmund is moderately wounded.
Edmund barely misses you.
Edmund asks, "Have you met my wondrous brother?"
Edmund completely misses you.
You touch Edmund but do no damage.
Edmund is moderately wounded.
Edmund hits you with a +6 flail of protection!
A red film seems to cover your vision as you go berserk!
You feel yourself moving faster!
You feel mighty! Edmund closely misses you.
You touch Edmund!
Edmund is heavily wounded.
Edmund hits you with a +6 flail of protection.
You barely miss Edmund.
Edmund is heavily wounded.
Edmund hits you with a +6 flail of protection!
* * * LOW HITPOINT WARNING * * *
Edmund hits you with a +6 flail of protection!
* * * LOW HITPOINT WARNING * * *
You touch Edmund.
Edmund is heavily wounded.
You barely miss Edmund.
Edmund is heavily wounded.
Edmund closely misses you.
You touch Edmund but do no damage.
Edmund is heavily wounded.
Edmund closely misses you.
You touch Edmund but do no damage.
Edmund is heavily wounded.
Edmund hits you with a +6 flail of protection.
You die...

#...... ######## #......
#......########### #......
#................. #...@..
#......####....... #.....l
#......####.#####. #......
###>.........†....
#......##########.#.#####.
#.......@v..........# #.
#.###########...#.### #.
#...#... .. #...#####
####...# #......# #......#
#......# ........#


You could see Edmund (fast).

Vanquished Creatures
  A black bear (D:4)
  An iguana (D:4)
  2 adders
  A dart slug (D:4)
  2 orcs
  6 endoplasms
  5 giant cockroaches
  4 goblins
  7 hobgoblins
  8 jackals
  4 quokkas
  5 ball pythons
  4 bats
  3 frilled lizards
  8 kobolds
  8 rats
69 creatures vanquished.

Notes
Turn   | Place    | Note
-------+----------+-------------------------------------------
     0 | D:1      | KittyFluff the Gargoyle Berserker began the quest for the
                  | Orb.
     0 | D:1      | Reached XP level 1. HP: 14/14 MP: 1/1
   196 | D:1      | Reached XP level 2. HP: 19/19 MP: 2/2
   459 | D:1      | Reached XP level 3. HP: 21/23 MP: 3/3
  1164 | D:2      | Reached ** piety under Trog
  1523 | D:3      | Reached XP level 4. HP: 29/29 MP: 4/4
  2280 | D:4      | Noticed a black bear
  2293 | D:4      | Killed a black bear
  2294 | D:4      | Reached XP level 5. HP: 18/33 MP: 5/5
  2408 | D:4      | Noticed Edmund
  2434 | D:4      | Slain by Edmund

Illustrated notes

Levels and vault maps discovered:
D:1:      dpeg_arrival_tiny_h, layout_rooms, kennysheep_pointless_box,
          kennysheep_another_room, minmay_misc_feat_nine_boxes
D:2:      layout_basic
D:3:      layout_loops_corners, minivault_4, st_stairs_2, grunt_ministairs_12
D:4:      layout_basic, uniq_edmund

Skill      XL: |  1  2  3  4 |
---------------+-------------+-----
Armour         | 3 4 |  4.2
Maces & Flails | 4 |  4.6
Fighting       | 4 |  4.3
Dodging        | |  1.8

Action                     |  1- 3 |  4- 6 || total
---------------------------+-------+-------++-------
  Melee: Mace              |   130 |    58 ||   188
         Punch             |     1 |       ||     1
         Unarmed           |       |    10 ||    10
 Invoke: Berserk           |       |     2 ||     2
 Armour: Leather armour    |    58 |    25 ||    83
         Skin              |       |     1 ||     1
  Dodge: Dodged            |   100 |    44 ||   144
